 Dungeon Crawl Stone Soup version 0.20.1-1-g8b1a95d (webtiles) character file.

431 Monsterracer the Chiller (level 7, -3/36 HPs)
             Began as a Gargoyle Ice Elementalist on Oct 24, 2017.
             Was a Follower of Vehumet.
             Slain by an ogre
             ... wielding a +0 giant club
              (20 damage)
             ... on level 4 of the Dungeon.
             The game lasted 00:10:04 (5453 turns).

Monsterracer the Chiller (GrIE)                     Turns: 5453, Time: 00:10:05

Health: -3/36      AC: 15    Str: 11    XL:     7   Next: 0%
Magic:  12/12      EV: 12    Int: 18    God:    Vehumet [*.....]
Gold:   181        SH:  0    Dex: 10    Spells: 3/13 levels left

rFire    . . .     SeeInvis .   l - +1 short sword
rCold    . . .     Gourm    .   (no shield)
rNeg     + . .     Faith    .   n - +1 robe {MR+}
rPois    ∞         Spirit   .   f - +1 helmet
rElec    +         Reflect  .   (no cloak)
rCorr    .         Harm     .   (no gloves)
MR       +....                  (no boots)
Stlth    ++........             (no amulet)
Regen    0.2/turn               (no ring)
MPRegen  0.2/turn               (no ring)

@: icy armour, slow
A: negative energy resistance 1, electricity resistance, unbreathing,
petrification resistance, rot immunity, AC +4
a: Renounce Religion


You were on level 4 of the Dungeon.
You worshipped Vehumet.
Vehumet was aware of your devotion.
You were not hungry.

You visited 1 branch of the dungeon, and saw 5 of its levels.

You collected 181 gold pieces.

Inventory:

Hand Weapons
 l - a +1 short sword (weapon)
Armour
 f - a +1 helmet (worn)
 h - a cursed +0 ring mail
 n - a +1 robe of magic resistance (worn)
 s - a +2 large shield
Scrolls
 e - a scroll of amnesia
 p - a scroll of recharging
 t - a scroll of blinking
Potions
 d - 2 potions of curing
 j - a potion of heal wounds
 k - a potion of agility {unknown}
 m - a potion of might {unknown}
 v - a potion of flight {unknown}
 x - a potion of degeneration {unknown}
 A - 2 potions of lignification
Books
 b - a book of Frost

   Spells                             Type                      Level
   a - Freeze                         Ice                          1
   b - Throw Frost                    Conjuration/Ice              2
   c - Ozocubu's Armour               Charms/Ice                   3
   d - Throw Icicle                   Conjuration/Ice              4
   e - Summon Ice Beast               Ice/Summoning                4
Comestibles
 a - 2 chunks of flesh
 c - 5 bread rations
 i - 3 fruits
 w - 2 meat rations


   Skills:
 - Level 1.5 Dodging
 - Level 2.1 Stealth
 + Level 3.9 Spellcasting
 + Level 3.2 Conjurations
 * Level 5.9 Ice Magic


You had 3 spell levels left.
You knew the following spells:

 Your Spells              Type           Power        Failure   Level  Hunger
a - Freeze                Ice            ###.         1%          1    None
b - Throw Frost           Conj/Ice       ###...       3%          2    ##.....
c - Ozocubu's Armour      Chrm/Ice       ##......     13%         3    ###....
d - Summon Ice Beast      Ice/Summ       ##......     41%         4    ####...


Dungeon Overview and Level Annotations

Branches:
Dungeon (5/15)
 Temple: D:4-7

Altars:
Cheibriados
Fedhas
Gozag
Vehumet
Yredelemnul

Annotations:
D:4 raikaria's ghost, amateur TeCj


Innate Abilities, Weirdness & Mutations

You are resistant to torment.
Your stone body is resilient. (AC +4)
You are immune to poison.
You resist negative energy. (rN+)
You are resistant to electric shocks. (rElec)
You can survive without breathing.
You are immune to petrification.
You are immune to rotting.


Message History

Aiming: Freeze
Press: ? - help, Shift-Dir - straight line, f - orc
Aim: an orc You freeze the orc.
The orc is heavily wounded.
The orc hits you but does no damage.
Casting: Freeze
Confirm with . or Enter, or press ? or * to list all spells.
Aiming: Freeze
Press: ? - help, Shift-Dir - straight line, f/p - orc
Aim: an orc (heavily wounded)
You freeze the orc.
You kill the orc!
Vehumet accepts your kill.
Casting: Freeze
Confirm with . or Enter, or press ? or * to list all spells.
Aiming: Freeze
Press: ? - help, Shift-Dir - straight line, f - orc
Aim: an orc, wielding a flail You freeze the orc.
The orc is heavily wounded.
The orc barely misses you.
Casting: Freeze
Confirm with . or Enter, or press ? or * to list all spells.
Aiming: Freeze
Press: ? - help, Shift-Dir - straight line, f/p - orc
Aim: an orc, wielding a flail (heavily wounded)
You freeze the orc.
The orc is heavily wounded.
Casting: Freeze
Confirm with . or Enter, or press ? or * to list all spells.
Aiming: Freeze
Press: ? - help, Shift-Dir - straight line, f - orc, p - orc
Aim: an orc, wielding a club You freeze the orc.
The orc is severely wounded.
Casting: Freeze
Confirm with . or Enter, or press ? or * to list all spells.
Aiming: Freeze
Press: ? - help, Shift-Dir - straight line, f/p - orc
Aim: an orc, wielding a club (severely wounded)
You freeze the orc.
You kill the orc!
Vehumet accepts your kill.
You can now gain magical power from killing.
Vehumet offers you knowledge of Flame Tongue.
Casting: Freeze
Confirm with . or Enter, or press ? or * to list all spells.
Aiming: Freeze
Press: ? - help, Shift-Dir - straight line, f - orc
Aim: an orc, wielding a flail (heavily wounded)
You freeze the orc.
You kill the orc!
Vehumet accepts your kill.
Casting: Freeze
Confirm with . or Enter, or press ? or * to list all spells.
Aiming: Freeze
Press: ? - help, Shift-Dir - straight line, f - goblin
Aim: a goblin, wielding a dagger You freeze the goblin.
The goblin is severely wounded.
* * * LOW MAGIC WARNING * * *
Casting: Freeze
Confirm with . or Enter, or press ? or * to list all spells.
Aiming: Freeze
Press: ? - help, Shift-Dir - straight line, f/p - goblin
Aim: a goblin, wielding a dagger (severely wounded)
You freeze the goblin.
You kill the goblin!
Vehumet accepts your kill.
You have reached level 7!
* * * LOW MAGIC WARNING * * *
Items here: ( ))))) †††† You butcher the orc corpse.
a - 3 chunks of flesh
Items here: ( ))))) ††† You start resting.
Eating one of 3 chunks of flesh.
You eat one of the 3 chunks of flesh.
This raw flesh tastes terrible.
HP restored.
You start resting.
Magic restored.
Okay, then.
There is a stone staircase leading down here.
Casting: Freeze
Confirm with . or Enter, or press ? or * to list all spells.
A film of ice covers your body!
You start resting.
Magic restored.
You climb downwards.
Level annotation: raikaria's ghost, amateur TeCj The gnoll hits you with a whip.
The ogre hits you with a giant club!
* * * LOW HITPOINT WARNING * * *
The gnoll barely misses you.
There is a stone staircase leading up here.
Unknown command.
Unknown command.
Huge Dmg: -52%(-19hp) hp: 48%(17hp)
The ogre hits you with a giant club!!
Ouch! That really hurt!
You die...

*,**** #####......(...#.....
*,* #................ *,*
###O............... *,*
##......W........... *,*
#..#...W...####..... *,*
#W########.....P....
*,#######.## #....≈≈≈≈≈≈
*,........O#######....≈≈≈≈≈≈
**######..g@.....#W...≈≈####
#...#######....≈≈#.g, #...#
#....≈≈#.., #####
#...P≈≈###+ #....≈≈≈.#,
#....≈≈≈.#* #....≈≈≈.#,
#....≈≈≈.#, #....≈≈≈.#,


You could see an ogre, raikaria's ghost and a gnoll.

Vanquished Creatures
  An ogre (D:5)
  A gnoll sergeant (D:4)
  A centaur zombie (D:5)
  A hound (D:4)
  A gnoll shaman (D:3)
  A worker ant (D:4)
  5 gnolls
  2 adders
  An ooze (D:2)
  2 adder skeletons (D:4)
  2 worms
  4 leopard geckos
  10 orcs (D:3)
  2 giant cockroaches
  5 hobgoblins
  14 jackals (D:4)
  3 kobolds
  A quokka (D:5)
  9 bats
  4 frilled lizards
  6 goblins
  7 rats
83 creatures vanquished.

Notes
Turn   | Place    | Note
-------+----------+-------------------------------------------
     0 | D:1      | Monsterracer the Gargoyle Ice Elementalist began the quest for the Orb.
     0 | D:1      | Reached XP level 1. HP: 10/10 MP: 3/3
   297 | D:1      | HP: 5/10 [bat (1)]
   302 | D:1      | HP: 2/10 [bat (1)]
   306 | D:1      | Reached XP level 2. HP: 3/15 MP: 0/5
   555 | D:1      | HP: 6/15 [hobgoblin (2)]
   562 | D:1      | HP: 6/15 [rat (1)]
   568 | D:1      | HP: 2/15 [rat (2)]
   657 | D:1      | HP: 5/15 [rat (1)]
  1142 | D:2      | Found a blossoming altar of Fedhas.
  1205 | D:2      | Reached XP level 3. HP: 14/19 MP: 4/6
  1732 | D:3      | Found a snail-covered altar of Cheibriados.
  1786 | D:3      | HP: 7/19 [orc/falchion (4)]
  1800 | D:3      | Learned a level 2 spell: Throw Frost
  1804 | D:3      | Learned a level 3 spell: Ozocubu's Armour
  2045 | D:3      | Reached skill level 4 in Ice Magic
  2051 | D:3      | HP: 9/19 [orc/flail (2)]
  2239 | D:3      | Found an opulent altar of Gozag.
  2393 | D:3      | Reached XP level 4. HP: 19/24 MP: 8/8
  3094 | D:4      | HP: 11/24 [worker ant (5)]
  3097 | D:4      | HP: 3/24 [worker ant (3)]
  3302 | D:4      | Noticed raikaria's ghost (amateur TeCj)
  3372 | D:4      | Found a basalt altar of Yredelemnul.
  3433 | D:4      | Found a radiant altar of Vehumet.
  3438 | D:4      | Became a worshipper of Vehumet
  3441 | D:4      | HP: 1/24 [raikaria's ghost/orb of energy (18)]
  3765 | D:4      | Reached XP level 5. HP: 23/28 MP: 5/9
  3775 | D:4      | Learned a level 4 spell: Summon Ice Beast
  4245 | D:3      | Reached skill level 5 in Ice Magic
  4345 | D:4      | HP: 5/28 [gnoll sergeant/trident (11)]
  4352 | D:5      | Entered Level 5 of the Dungeon
  4627 | D:5      | Noticed an ogre
  4672 | D:5      | HP: 11/28 [centaur zombie (4)]
  4675 | D:5      | Reached XP level 6. HP: 13/32 MP: 8/11
  5239 | D:4      | HP: 15/32 [raikaria's ghost/orb of energy (16)]
  5250 | D:4      | Noticed a phantom
  5330 | D:3      | Reached * piety under Vehumet
  5330 | D:3      | Offered knowledge of Flame Tongue by Vehumet.
  5333 | D:3      | Reached XP level 7. HP: 28/36 MP: 0/12
  5452 | D:4      | HP: 17/36 [ogre/giant club (15)]
  5453 | D:4      | Slain by an ogre

Skill      XL: |  1  2  3  4  5  6 |
---------------+-------------------+-----
Ice Magic      | 4 5 |  5.9
Spellcasting   | 3 |  3.9
Conjurations   | 2 3 |  3.2
Dodging        | |  1.5
Stealth        | |  2.1

Action                   |  1- 3 |  4- 6 |  7- 9 || total
-------------------------+-------+-------+-------++-------
Melee: Dagger            |    56 |       |       ||    56
       Short sword       |    54 |   128 |       ||   182
 Cast: Freeze            |    35 |    70 |     1 ||   106
       Ozocubu's Armour  |       |     6 |     1 ||     7
  Use: Scroll            |       |    15 |       ||    15
       Potion            |       |     1 |       ||     1
 Stab: Sleeping          |     1 |       |       ||     1
  Eat: Chunk             |     5 |     9 |     1 ||    15
       Fruit             |       |     1 |       ||     1
Armor: Robe              |    58 |   116 |       ||   174
Dodge: Dodged            |   102 |   173 |     1 ||   276

Vault maps used:
D:1:      minmay_arrival_radiant_lines
D:2:      fedhas_altar_4
D:3:      lemuel_crystal_altar, grunt_gozag_breadcrumbs, serial_corexii_hall,
          corexii_hall_statues_l, corexii_hall_statues_i
D:4:      lemuel_castle_with_subvaults, nicolae_overflow_crystal_walls,
          kennysheep_little_box
D:5:      kb_xom_exploding_sheep, first_bread, uniq_edmund
